 Dungeon Crawl Stone Soup version 0.25-a0-719-gde951dce62 (webtiles) character file.

Game seed: 14616086095235638365, levelgen mode: deterministic

3235 15rune the Reanimator (level 9, -1/39 HPs)
             Began as a Vampire Necromancer on Apr 5, 2020.
             Was a Priest of Hepliaklqana.
             Slain by a gnoll (7 damage)
             ... on level 7 of the Dungeon on Apr 6, 2020.
             The game lasted 00:49:39 (8116 turns).

15rune the Reanimator (Vampire Necromancer)         Turns: 8116, Time: 00:49:39

Health: -1/39      AC:  9    Str:  8    XL:     9   Next: 66%
Magic:  13/16      EV:  7    Int: 22    God:    Hepliaklqana [***...]
Gold:   352        SH:  0    Dex: 15    Spells: 2/18 levels left

rFire    . . .     SeeInvis +   D - +1 dagger (speed)
rCold    + + .     Gourm    .   (no shield)
rNeg     + + +     Faith    .   a - +1 robe
rPois    ∞         Spirit   .   m - +2 helmet
rElec    .         Reflect  +   (no cloak)
rCorr    .         Harm     .   (no gloves)
MR       .....                  d - +2 pair of boots
Stlth    +++++++...             y - +3 amulet of reflection
HPRegen  0.00/turn              q - +3 ring of intelligence
MPRegen  0.15/turn              w - ring of stealth

@: held, bloodless
A: no food, reduced essence, fangs 3, see invisible, unbreathing
a: Bat Form, Revivify, Recall Ancestor, Ancestor Identity, Transference,
Renounce Religion


You were on level 7 of the Dungeon.
You worshipped Hepliaklqana.
Hepliaklqana was most pleased with you.
You were bloodless.

You visited 2 branches of the dungeon, and saw 8 of its levels.
You also visited: Sewer.

You collected 352 gold pieces.

Inventory:

Hand Weapons
 n - a +2 short sword of speed
 B - a +0 short sword of flaming
 D - a +1 dagger of speed (weapon)
Armour
 a - a +1 robe (worn)
 d - a +2 pair of boots (worn)
 m - a +2 helmet (worn)
Jewellery
 q - a +3 ring of intelligence (left hand)
 w - a ring of stealth (right hand)
 y - a +3 amulet of reflection (around neck)
 F - an uncursed ring of protection from magic
Scrolls
 b - a scroll of identify
 e - 4 scrolls of teleportation
 f - 2 scrolls of fog
 i - 3 scrolls of magic mapping {unknown}
 j - 2 scrolls of noise
 l - a scroll of immolation {unknown}
 o - 3 scrolls of remove curse
 r - 3 scrolls of enchant armour
 t - a scroll of fear {unknown}
 G - a scroll of holy word {unknown}
Potions
 c - a potion of ambrosia {unknown}
 g - 2 potions of might
 h - 2 potions of flight
 k - 8 potions of curing
 p - 2 potions of cancellation {unknown}
 s - a potion of degeneration {unknown}
 u - 2 potions of brilliance
 v - 2 potions of heal wounds
 x - a potion of experience {unknown}
 z - 2 potions of berserk rage
 C - a potion of magic {unknown}
 E - 2 potions of haste {unknown}


   Skills:
 + Level 8.5 Short Blades
 - Level 2.2 Dodging
 - Level 7.1 Stealth
 - Level 5.0 Spellcasting
 - Level 5.1 Hexes
 - Level 10.1 Necromancy


You had 2 spell levels left.
You knew the following spells:

 Your Spells              Type           Power        Failure   Level  Hunger
a - Pain                  Necr           ####         1%          1    N/A
b - Animate Skeleton      Necr           N/A          1%          1    N/A
c - Vampiric Draining     Necr           ######....   1%          3    N/A
d - Animate Dead          Necr           N/A          1%          4    N/A
e - Agony                 Necr           ######..     4%          5    N/A
f - Ensorcelled Hibernat  Hex/Ice        ###...       5%          2    N/A

Your spell library contained the following spells:

 Spells                   Type           Power        Failure   Level  Hunger
 Corona                   Hex            ####...      1%          1    N/A
 Confusing Touch          Hex            ####....     3%          3    N/A
 Tukima's Dance           Hex            ####....     3%          3    N/A
 Dazzling Flash           Conj/Hex       ###...       11%         3    N/A

Dungeon Overview and Level Annotations

Branches:
Dungeon (7/15)             Temple (1/1) D:6           Sewer (visited)

Altars:
Ashenzari
Cheibriados
Dithmenos
Elyvilon
Fedhas
Gozag
Hepliaklqana
Kikubaaqudgha
Makhleb
Nemelex Xobeh
Okawaru
Qazlal
Ru
Sif Muna
Trog
Uskayaw
Vehumet
Wu Jian
Xom
Yredelemnul
Zin
The Shining One

Shops:
D:6 [


Innate Abilities, Weirdness & Mutations

You do not eat.
You do not regenerate when monsters are visible.
You are frail without blood (-20% HP).
You can heal yourself when you bite living creatures.
You are immune to poison.
You have razor-sharp teeth.
You have supernaturally acute eyesight. (SInv)
You can survive without breathing.
Your life essence is reduced to manifest your ancestor. (-10% HP)


Message History

Unknown command.
Unknown command.
You struggle against the net.
The gnoll shaman calls upon its god to speed up the gnoll.
The gnoll seems to speed up.
The gnoll closely misses you.
The gnoll hits Sally but does no damage.
The gnoll hits you with a +0 flail. The gnoll hits you.
The gnoll hits you from afar with a +2 halberd of venom.
Unknown command.
You struggle against the net.
The gnoll hits you but does no damage. The gnoll hits you with a +0 flail!
Sally hits the gnoll with a +0 flail!
The gnoll barely misses you. The gnoll hits you with a +0 club!
* * * LOW HITPOINT WARNING * * *
The gnoll hits you from afar with a +2 halberd of venom.
* * * LOW HITPOINT WARNING * * *
You struggle against the net.
The gnoll hits you with a +0 flail.
* * * LOW HITPOINT WARNING * * *
Sally blocks the gnoll's attack.
The gnoll hits you but does no damage.
Sally closely misses the gnoll.
The gnoll hits you!
You die...

...##....... ........#.....
#....... ........#....##
#.......
#................#.......
#.#......#.......#.......
#.#......................
####........................
.........gR...............##
.........g@.............#.. .
#.......gg....###......... ..
#......gg.................
...#.......##.......#........
...........# #..>...#........
.##.......# ###.####.#.....
..##....(..######.######.....
........#..)....#............
#..#..#.#.#####.#########.#..


You could see the friendly Sally the knight, a gnoll shaman and 5 gnolls.

Vanquished Creatures
  The ghost of kelmiir the Chopper, a novice HOFi of Okawaru (D:6)
  A hippogriff (D:6)
  A water moccasin (D:6)
  3 ice beasts (D:6)
  3 sky beasts
  An ogre (D:7)
  A centaur (D:6)
  2 bullfrogs (D:6)
  2 big kobolds
  A wight (D:6)
  2 crimson imps
  A jelly (D:6)
  2 hounds
  A centaur skeleton (D:7)
  2 orc priests
  An iguana (D:5)
  Natasha (D:4)
  5 orc wizards
  4 worker ants
  2 hound skeletons
  A worker ant zombie (D:6)
  3 gnolls (D:3)
  A river rat (Sewer)
  10 adders
  2 shadow imps
  An adder skeleton (D:4)
  6 worms
  A dart slug (D:3)
  4 leopard geckos
  9 orcs
  8 bats
  4 giant cockroaches
  12 goblins
  9 hobgoblins
  9 jackals
  18 kobolds
  3 quokkas
  A ball python (D:2)
  A frilled lizard (D:3)
  A leopard gecko skeleton (D:4)
  10 rats
151 creatures vanquished.

Vanquished Creatures (collateral kills)
  An ice beast (D:6)
  A phantom (D:5)
  An ogre (D:5)
  A sky beast (D:5)
  A bullfrog (D:6)
  2 wights (D:6)
  A crimson imp (D:5)
  A hound (D:4)
  2 jellies
  2 orc priests
  2 orc wizards
  A worker ant zombie (D:5)
  An adder (D:5)
  2 river rats (D:4)
  An ooze (D:1)
  A leopard gecko (D:4)
  7 orcs
  A ball python (D:5)
  4 goblins (D:5)
  A jackal (D:4)
  A bat (D:2)
  A jackal skeleton (D:5)
  A jackal zombie (D:5)
  3 kobolds (D:4)
  A quokka zombie (D:6)
41 creatures vanquished.

Vanquished Creatures (others)
  An ancestor (D:3)
  A rat (D:1)
2 creatures vanquished.

Grand Total: 194 creatures vanquished

Notes
Turn   | Place    | Note
-------+----------+-------------------------------------------
     0 | D:1      | 15rune the Vampire Necromancer began the quest for the Orb.
     0 | D:1      | Reached XP level 1. HP: 13/13 MP: 3/3
   149 | D:1      | Reached XP level 2. HP: 14/19 MP: 0/5
   223 | D:1      | Learned a level 1 spell: Animate Skeleton
   945 | D:1      | Reached skill level 5 in Necromancy
   981 | D:1      | Reached XP level 3. HP: 24/24 MP: 1/6
  2116 | D:2      | Learned a level 3 spell: Vampiric Draining
  2380 | D:3      | Found a radiant altar of Vehumet.
  2387 | D:3      | Found an opulent altar of Gozag.
  2393 | D:3      | Found an ornate altar of the Wu Jian Council.
  2394 | D:3      | Found a hazy altar of Hepliaklqana.
  2400 | D:3      | Became a worshipper of Hepliaklqana the Forgotten
  2477 | D:3      | Upgraded the game from 0.25-a0-713-g4845790874 to
                  | 0.25-a0-719-gde951dce62
  2509 | D:3      | Reached XP level 4. HP: 27/27 MP: 3/7
  2514 | D:3      | Found a sacrificial altar of Ru.
  2516 | D:3      | Found an iron altar of Okawaru.
  2579 | D:3      | Found a bloodstained altar of Trog.
  2738 | D:3      | Found a burning altar of Makhleb.
  3057 | D:3      | Found a shadowy altar of Dithmenos.
  3163 | D:3      | Reached * piety under Hepliaklqana
  3290 | D:4      | Reached skill level 6 in Necromancy
  3290 | D:4      | Reached XP level 5. HP: 26/31 MP: 4/9
  3314 | D:4      | Learned a level 4 spell: Animate Dead
  3384 | D:4      | Reached skill level 5 in Stealth
  3441 | D:4      | Found a glowing drain.
  3475 | Sewer    | Entered a sewer
  3576 | Sewer    | Reached XP level 6. HP: 29/36 MP: 5/11
  3594 | Sewer    | Found a glowing silver altar of Zin.
  4010 | D:4      | Reached skill level 7 in Necromancy
  4380 | D:4      | Reached XP level 7. HP: 35/41 MP: 12/12
  4408 | D:4      | Noticed Natasha
  4416 | D:4      | Killed Natasha
  4779 | D:4      | Found a blossoming altar of Fedhas.
  5234 | D:5      | Entered Level 5 of the Dungeon
  5248 | D:5      | Reached skill level 8 in Necromancy
  5359 | D:5      | Reached ** piety under Hepliaklqana
  5376 | D:5      | Found a glowing golden altar of the Shining One.
  5377 | D:5      | Remembered your ancestor Sally as a knight
  5384 | D:5      | Learned a level 5 spell: Agony
  5547 | D:5      | Reached XP level 8. HP: 27/36 MP: 13/15
  5794 | D:5      | Reached skill level 1 in Short Blades
  5794 | D:5      | Reached skill level 9 in Necromancy
  6039 | D:5      | Found a basalt altar of Yredelemnul.
  6152 | D:5      | Reached skill level 5 in Spellcasting
  6564 | D:6      | Reached skill level 10 in Necromancy
  6570 | D:6      | Found a staircase to the Ecumenical Temple.
  6576 | Temple   | Entered the Ecumenical Temple
  7018 | D:6      | Reached skill level 5 in Short Blades
  7133 | D:6      | Noticed a hippogriff
  7149 | D:6      | Reached XP level 9. HP: 34/39 MP: 16/16
  7435 | D:6      | Found a shimmering blue altar of Sif Muna.
  7445 | D:6      | Learned a level 2 spell: Ensorcelled Hibernation
  7451 | D:6      | Reached skill level 1 in Hexes
  7528 | D:6      | Found a runed translucent gate.
  7529 | D:6      | Found a runed translucent gate.
  7529 | D:6      | Found a runed translucent gate.
  7539 | D:6      | Noticed kelmiir's ghost (novice HOFi)
  7576 | D:6      | Killed kelmiir's ghost
  7635 | D:6      | Found Fujacimm's Armour Emporium.
  7739 | D:6      | Reached skill level 5 in Hexes
  8041 | D:7      | Reached *** piety under Hepliaklqana
  8116 | D:7      | Slain by a gnoll

Levels and vault maps discovered:
D:1:      shiori_arrival_oz, layout_loops_corners
D:2:      layout_basic
D:3:      layout_loops_cross, makhleb_heckhound_becter,
          nicolae_overflow_hidden_temple, bloody_trog, minitemple,
          nicolae_dithmenos_through_a_glass_darkly, first_ration
D:4:      cheibrodos_thug_alley, layout_cave_pods, lightli_sewer_entry_pipes,
          fedhas_ov_isle_minmay, uniq_natasha
D:5:      layout_cave_pools, lemuel_round_altar, kennysheep_diamond,
          minmay_ogre_servants
D:6:      layout_cave_pools, overflow_temple_1_default,
          minmay_temple_entry_hall, gammafunk_ghost_necromancy, serial_shops,
          kennysheep_mini, minmay_joined_circles
D:7:      layout_basic, minmay_microvault, uniq_prince_ribbit1
Temple:   minmay_freezing_vapour_temple

Skill      XL: |  1  2  3  4  5  6  7  8  9 |
---------------+----------------------------+-----
Necromancy     | 5 6 7 8 10 | 10.1
Stealth        | 4 5 6 7 |  7.1
Spellcasting   | 3 4 5 |  5.0
Short Blades   | 5 8 |  8.5
Hexes          | 5 |  5.1
Dodging        | |  2.2

Action                   |  1- 3 |  4- 6 |  7- 9 || total
-------------------------+-------+-------+-------++-------
Melee: Whip              |     5 |       |       ||     5
       Dagger            |     8 |       |   175 ||   183
       Bite              |     1 |     7 |    18 ||    26
       Short sword       |    14 |   105 |    78 ||   197
 Cast: Pain              |    66 |    57 |    19 ||   142
       Animate Skeleton  |    18 |     6 |     7 ||    31
       Vampiric Draining |     2 |     6 |    22 ||    30
       Animate Dead      |       |     5 |     9 ||    14
       Agony             |       |       |     4 ||     4
       Ensorcelled Hiber |       |       |     7 ||     7
Invok: Ancestor Identity |     1 |     4 |     1 ||     6
       Recall Ancestor   |       |     3 |     8 ||    11
       Ancestor Life: Kn |       |       |     1 ||     1
       Transference      |       |       |     1 ||     1
 Abil: Exsanguinate      |       |       |     1 ||     1
  Use: Scroll            |     7 |     3 |     4 ||    14
 Stab: Sleeping          |       |     7 |    21 ||    28
       Distracted        |       |     2 |     2 ||     4
Armor: Robe              |    18 |    40 |    61 ||   119
Dodge: Dodged            |    37 |    52 |   133 ||   222
Block: Other             |       |       |     7 ||     7

Table legend:
 A = Non-vault XP
 B = Vault XP
 C = Vault XP percentage of total XP
 D = Non-vault monster count
 E = Vault monster count
 F = Vault count percentage of total count
                 A         B        C        D         E       F
            +---------+---------+-------+---------+---------+-------
      Total |    3198 |    1424 |  30.8 |     134 |      58 |  30.2
            +---------+---------+-------+---------+---------+-------
        D:1 |      37 |       4 |   9.8 |      20 |       2 |   9.1
        D:2 |      28 |       0 |   0.0 |      16 |       0 |   0.0
        D:3 |      83 |      42 |  33.6 |      17 |       1 |   5.6
        D:4 |     519 |     245 |  32.1 |      32 |      24 |  42.9
        D:5 |     818 |     135 |  14.2 |      25 |       9 |  26.5
        D:6 |    1557 |     884 |  36.2 |      21 |      12 |  36.4
        D:7 |     156 |       0 |   0.0 |       3 |       0 |   0.0
      Sewer |       0 |     114 | 100.0 |       0 |      10 | 100.0
            +---------+---------+-------+---------+---------+-------
